 Dungeon Crawl Stone Soup version 0.28-a0-1084-ga282ea246d (webtiles) character file.

Game seed: 14869126689882547674

14428 Peloso the Carver (level 11, -8/101 HPs)
             Began as a Minotaur Fighter on Dec 10, 2021.
             Was a High Priest of Okawaru.
             Mangled by a cane toad (15 damage)
             ... on level 1 of the Lair of Beasts.
             The game lasted 00:24:48 (16658 turns).

Peloso the Carver (Minotaur Fighter)               Turns: 16658, Time: 00:24:49

Health: -8/101     AC: 10    Str: 23    XL:     11   Next: 88%
Magic:  10/10      EV: 20    Int:  5    God:    Okawaru [*****.]
Gold:   732        SH:  0    Dex: 12    Spells: 10/10 levels left

rFire   + + .      SeeInvis .   (weapon currently unavailable)
rCold   + + .      Faith    .   (shield currently unavailable)
rNeg    + + +      Spirit   .   (armour currently unavailable)
rPois   ∞          Reflect  .   (helmet currently unavailable)
rElec   +          Harm     .   (cloak currently unavailable)
rCorr   +          Rampage  .   (gloves currently unavailable)
Will    .....                   (boots currently unavailable)
Stlth   ++........              (amulet currently unavailable)
HPRegen 0.26/turn               (ring currently unavailable)
MPRegen 0.12/turn               (ring currently unavailable)

@: wisp-form (expiring), marked, flying, hasted, very quick
A: insubstantial, flying, no casting, tiny, (horns 2), (retaliatory headbutt)
a: Renounce Religion, Heroism, Finesse, Duel


You were on level 1 of the Lair of Beasts.
You worshipped Okawaru.
Okawaru was extremely pleased with you.
You were an insubstantial wisp.
You visited 3 branches of the dungeon, and saw 13 of its levels.
You also visited: Sewer.

You collected 732 gold pieces.

Inventory:

Hand Weapons
 a - a +1 scimitar of electrocution (melded)
 v - the +4 hand axe of Peace {holy, Fly Str+3}
   (You found it on level 5 of the Dungeon)

   It has been blessed by the Shining One to cause great damage to the undead
   and demons.
   Str:       It affects your strength (+3).
   Fly:       It grants you flight.
Missiles
 g - 5 throwing nets (quivered)
Armour
 b - a +0 scale mail
 c - a +0 buckler (melded)
 n - a +0 pair of gloves (melded)
 J - a +2 cloak (melded)
 L - +0 ice dragon scales
 M - a +3 chain mail (melded)
Jewellery
 A - a ring of ice
 C - a +6 ring of dexterity (melded)
 G - the ring "Iloqaviu" (melded) {rN+ Str+6}
   (You found it on level 9 of the Dungeon)

   [ring of strength]

   Str:       It affects your strength (+6).
   rN:        It protects you from negative energy.
Wands
 r - a wand of flame (5)
 z - a wand of iceblast (6)
 D - a wand of paralysis (13)
 F - a wand of digging (12)
 H - a wand of acid (5)
Scrolls
 h - 3 scrolls of enchant weapon
 m - 2 scrolls of vulnerability
 o - 2 scrolls of immolation
 q - 2 scrolls of enchant armour
 s - 3 scrolls of fear
 t - 6 scrolls of teleportation
 w - 2 scrolls of blinking
 x - a scroll of brand weapon
 y - a scroll of fog
 B - 2 scrolls of holy word {unknown}
 K - 2 scrolls of magic mapping
 N - a scroll of acquirement {unknown}
Potions
 d - a potion of invisibility
 e - a potion of mutation {unknown}
 f - 5 potions of brilliance
 i - 4 potions of cancellation
 j - 2 potions of resistance {unknown}
 k - 2 potions of flight
 l - 2 potions of haste
 p - 4 potions of heal wounds {unknown}
 u - 4 potions of attraction {unknown}
 I - 4 potions of might
Miscellaneous
 E - a condenser vane


   Skills:
 + Level 10.7 Fighting
 + Level 14.4 Long Blades
 + Level 12.5 Armour
 + Level 3.8 Dodging
 + Level 2.3 Stealth
 + Level 8.0 Shields
 + Level 1.3 Invocations
 + Level 0.2 Evocations


You had 10 spell levels left.
You didn't know any spells.
Your spell library contained the following spells:

 Spells                   Type           Power      Damage    Failure   Level
 Magic Dart               Conj           0%         1d3       47%         1
 Pain                     Necr           0%         1d4       47%         1
 Passwall                 Tmut/Erth      0%         N/A       63%         2
 Searing Ray              Conj           0%         2d4       63%         2
 Mephitic Cloud           Conj/Pois/Air  0%         N/A       85%         3
 Swiftness                Air            0%         N/A       85%         3
 Fulminant Prism          Conj/Hex       0%         3d6       99%         4
 Hailstorm                Conj/Ice       0%         3d3       99%         4
 Ice Form                 Ice/Tmut       0%         N/A       99%         4
 Petrify                  Tmut/Erth      0%         N/A       99%         4
 Agony                    Necr           0%         N/A       100%        5
 Excruciating Wounds      Necr           0%         N/A       100%        5
 Metabolic Englaciation   Hex/Ice        0%         N/A       100%        5
 Statue Form              Tmut/Erth      0%         N/A       100%        6
 Call Imp                 Summ           Unusable   N/A       N/A         2
 Simulacrum               Ice/Necr       Unusable   N/A       N/A         6

Dungeon Overview and Level Annotations

Branches:
Dungeon (11/15)            Temple (1/1) D:4            Lair (1/6) D:10
    Orc (0/2) D:11          Sewer (visited)

Altars:
Elyvilon
Kikubaaqudgha
Makhleb
Okawaru
Qazlal
Ru
Xom
Yredelemnul
The Shining One

Shops:
D:1 *   D:5 =

Portals:
Trove: D:10 (give +7 demon trident)

Annotations:
D:7 1 runed translucent door, paps's ghost, novice OpDe
D:9 3 runed translucent doors, witty6's ghost, novice MiBe
Lair:1 Harold


Innate Abilities, Weirdness & Mutations

You are an insubstantial wisp.
Your tiny insubstantial body is highly resistant to most damage types.
You are flying.
Your equipment is entirely melded.
You are incapable of wielding weapons or throwing items.
You cannot cast spells.
((You have a pair of horns on your head.))
((You reflexively headbutt those who attack you in melee.))


Message History

You slash the komodo dragon!
The komodo dragon is heavily wounded.
A wyvern comes into view.
The komodo dragon barely misses you.
The wyvern hisses angrily.
You slash the komodo dragon! Your headbutt misses the komodo dragon.
The komodo dragon is heavily wounded.
Harold zaps a wand.
You turn into an insubstantial wisp.
Your +1 scimitar of electrocution melds into your body.
Your +2 cloak melds into your body.
Your +0 pair of gloves melds into your body.
Your +0 buckler melds into your body.
Your +3 chain mail melds into your body.
The ring "Iloqaviu" {rN+ Str+6} melds into your body.
Your +6 ring of dexterity melds into your body.
Your +1 scimitar of electrocution stops crackling.
You feel weaker.
You feel clumsy.
A hell rat comes into view.
You feel yourself speed up. The komodo dragon bites you!
* * * LOW HITPOINT WARNING * * *
Harold throws a throwing net.
The throwing net misses you.
Unknown command.
The komodo dragon closely misses you.
You see here a throwing net.
Things that are here:
a +0 quarterstaff of freezing; a +2 robe of cold resistance Harold casts a spell at you.
A sentinel's mark forms upon you.
Your transformation is almost over.
A cane toad comes into view.
The cane toad croaks.
You hear an angry hiss.
You hear a bellow! x2
A water moccasin comes into view.
You hear a bellow! x2
You barely miss the cane toad.
A yak comes into view.
The cane toad stings you!
* * * LOW HITPOINT WARNING * * *
2 yaks come into view.
The water moccasin closely misses you. The cane toad stings you!
You die...

,****,,,,,,*** ##...#.##
,,***,,**,** ##.......
,,**,*****##* ##..######
,,**** *##.###### ###..##
# ,,*******........#
#...#.# *,,**,*,,........#
##..####
**,,,,,,,........####....#
***,,,,,Y......SF....####
*,,,,,.......v.....#
**,,,,,.Y.....###P..#*
*,,,,,,......#* ###..#
**,,,,,.Y....* #..#
**,,,,.....** #..#
**,,,.....* #..#
**,,....** *#.#* *,,...#*
*,,* *,,*,,* **,*


You could see 3 yaks, a cane toad and a water moccasin.

Vanquished Creatures
  Fannar (Lair:1)
  2 centaur warriors (D:10)
  2 two-headed ogres (D:11)
  A tengu warrior (D:10)
  An ugly thing (D:11)
  A manticore (D:10)
  Maurice (D:11)
  Joseph (D:7)
  2 cane toads (Lair:1)
  An unseen horror (D:10)
  A troll (D:9)
  2 wraiths
  A vampire (D:11)
  5 yaks (D:11)
  A wyvern (D:8)
  2 basilisks (Lair:1)
  3 steam dragons
  3 wargs (D:10)
  3 acid dragons
  3 water moccasins
  3 orc warriors
  A swamp drake (D:11)
  3 ice beasts
  A sky beast (D:8)
  4 ogres
  3 centaurs
  7 kobold brigands
  A bullfrog (D:7)
  A gnoll sergeant (D:6)
  4 scorpions
  A wyvern skeleton (D:7)
  A water moccasin skeleton (D:6)
  16 killer bees
  9 wights
  A howler monkey (D:11)
  A bullfrog zombie (D:6)
  3 centaur zombies
  4 jellies
  A bullfrog skeleton (D:6)
  2 hounds
  9 orc priests
  4 gnoll shamans
  4 iguanas
  7 orc wizards
  4 hell rats (Lair:1)
  32 gnolls
  A howler monkey skeleton (D:5)
  A river rat (Sewer)
  7 adders
  2 shadow imps
  2 white imps (D:6)
  An ufetubus (D:4)
  An adder skeleton (D:4)
  2 worms
  2 dart slugs (D:4)
  35 orcs
  11 endoplasms
  8 giant cockroaches
  4 goblins
  5 hobgoblins
  28 kobolds
  6 quokkas
  15 ball pythons
  3 bats
  4 frilled lizards
  A jackal skeleton (D:4)
  5 rats
308 creatures vanquished.

Vanquished Creatures (others)
  An orc warrior (D:11)
  An orc (D:11)
  3 plants
  2 withered plants (D:9)
7 creatures vanquished.

Grand Total: 315 creatures vanquished

Notes
Turn   | Place    | Note
-------+----------+-------------------------------------------
     0 | D:1      | Peloso the Minotaur Fighter began the quest for the Orb.
     0 | D:1      | Reached XP level 1. HP: 19/19 MP: 0/0
    80 | D:1      | Found a faded altar of an unknown god.
   618 | D:1      | Reached XP level 2. HP: 27/27 MP: 1/1
   708 | D:1      | Found Ymaimp's Assorted Antiques.
  1262 | D:1      | You fall into a shaft and drop 1 floor!
  1295 | D:2      | Reached skill level 3 in Long Blades
  1295 | D:2      | Reached XP level 3. HP: 33/33 MP: 2/2
  1858 | D:2      | Reached XP level 4. HP: 27/40 MP: 3/3
  2154 | D:3      | Noticed a kobold brigand
  2172 | D:3      | Killed a kobold brigand
  2173 | D:3      | Reached skill level 4 in Long Blades
  2173 | D:3      | Reached XP level 5. HP: 6/47 MP: 4/4
  2478 | D:3      | Reached skill level 5 in Armour
  2746 | D:3      | Noticed an ogre
  2758 | D:3      | Killed an ogre
  2759 | D:3      | Reached skill level 1 in Dodging
  3191 | D:4      | Reached XP level 6. HP: 52/53 MP: 5/5
  3282 | D:4      | Reached skill level 5 in Long Blades
  3556 | D:4      | Found a staircase to the Ecumenical Temple.
  3580 | Temple   | Entered the Ecumenical Temple
  3731 | Temple   | Became a worshipper of Warmaster Okawaru
  3993 | D:4      | Reached XP level 7. HP: 56/60 MP: 6/6
  4083 | D:4      | Reached skill level 6 in Long Blades
  4092 | D:4      | Reached skill level 5 in Fighting
  4553 | D:5      | Entered Level 5 of the Dungeon
  4812 | D:5      | Identified the +4 hand axe of Peace {holy, Fly Str+3}
  5097 | D:5      | HP: 3/61 [iguana (10)]
  5101 | D:5      | Reached skill level 7 in Long Blades
  5413 | D:5      | Found Cubbiana's Jewellery Shop.
  5657 | D:6      | Noticed a steam dragon
  5673 | D:6      | Killed a steam dragon
  5674 | D:6      | Reached skill level 1 in Stealth
  5674 | D:6      | Reached XP level 8. HP: 39/70 MP: 7/7
  5682 | D:6      | HP: 1/70 [ice beast (9)]
  5684 | D:6      | Reached * piety under Okawaru
  5868 | D:6      | Reached skill level 8 in Long Blades
  5965 | D:6      | Found a glowing drain.
  5980 | Sewer    | Entered a sewer
  6761 | Sewer    | Reached skill level 5 in Shields
  7214 | D:6      | Reached skill level 9 in Long Blades
  7271 | D:6      | Reached ** piety under Okawaru
  7428 | D:6      | Reached XP level 9. HP: 38/73 MP: 8/8
  8518 | D:7      | Noticed paps's ghost (novice OpDe)
  8659 | D:7      | Noticed Joseph
  8673 | D:7      | Killed Joseph
  8674 | D:7      | Reached skill level 10 in Long Blades
  8927 | D:7      | Found a runed translucent door.
  9120 | D:7      | Identified the +2 whip "Ixeliy Qula" {protect, Str+3 Int+2}
  9259 | D:7      | Reached *** piety under Okawaru
  9948 | D:8      | Reached skill level 11 in Long Blades
  9977 | D:8      | Reached XP level 10. HP: 20/88 MP: 9/9
 10632 | D:9      | Reached skill level 10 in Armour
 11076 | D:9      | Reached **** piety under Okawaru
 11672 | D:9      | Reached skill level 12 in Long Blades
 11695 | D:9      | Found a large runed translucent door.
 11696 | D:9      | Found a large runed translucent door.
 11946 | D:9      | Identified the ring "Iloqaviu" {rN+ Str+6}
 11993 | D:9      | Found a runed translucent door.
 11994 | D:9      | Noticed witty6's ghost (novice MiBe)
 12247 | D:10     | Entered Level 10 of the Dungeon
 12398 | D:10     | Found a staircase to the Lair.
 12445 | D:10     | Received a gift from Okawaru
 13544 | D:10     | Reached skill level 13 in Long Blades
 13557 | D:10     | Received a gift from Okawaru
 13815 | D:10     | Noticed a manticore
 13831 | D:10     | Killed a manticore
 14110 | D:10     | Noticed a centaur warrior
 14143 | D:10     | Killed a centaur warrior
 14143 | D:10     | Reached ***** piety under Okawaru
 14144 | D:10     | Reached XP level 11. HP: 65/99 MP: 10/10
 14146 | D:10     | Noticed a centaur warrior
 14157 | D:10     | Killed a centaur warrior
 14511 | D:10     | Noticed a tengu warrior
 14525 | D:10     | Killed a tengu warrior
 14526 | D:10     | Reached skill level 10 in Fighting
 14961 | D:10     | Found a portal to a secret trove of treasure.
 15046 | D:11     | Noticed a two-headed ogre
 15058 | D:11     | Killed a two-headed ogre
 15209 | D:11     | Noticed Maurice
 15248 | D:11     | Identified the +6 hand crossbow "Peallaopp" {flame, Contam
                  | rPois rF+ rN++} (Okawaru gifted it to you on level 11 of
                  | the Dungeon)
 15248 | D:11     | Received a gift from Okawaru
 15275 | D:11     | Killed Maurice
 15609 | D:11     | Noticed a cyan ugly thing
 15618 | D:11     | Killed a cyan ugly thing
 15727 | D:11     | Noticed a two-headed ogre
 15731 | D:11     | Killed a two-headed ogre
 15956 | D:11     | Reached skill level 14 in Long Blades
 16309 | D:11     | Found a staircase to the Orcish Mines.
 16493 | Lair:1   | Entered Level 1 of the Lair of Beasts
 16600 | Lair:1   | Noticed Fannar
 16612 | Lair:1   | Killed Fannar
 16613 | Lair:1   | Reached skill level 1 in Invocations
 16624 | Lair:1   | Noticed Harold
 16658 | Lair:1   | Mangled by a cane toad

Illustrated notes

Levels and vault maps discovered:
D:1:      minmay_arrival_doors, layout_loops_corners,
          shapermc_ecumenical_altar_ellora, serial_shops, nicolae_square_shop
D:2:      layout_loops_ring
D:3:      layout_rooms
D:4:      layout_gridville, minmay_temple_entry_stoned_glass,
          minmay_fractal_squares_5
D:5:      layout_cave_pools, serial_shops, kennysheep_mini
D:6:      layout_loops_corners, gup_sewer_entry_pipe, chequers_avenue
D:7:      layout_loops_corners, hellmonk_ghost_happy_afterlife,
          kennysheep_generic_room_7, uniq_joseph
D:8:      layout_rooms
D:9:      layout_loops_corners, jmf_multi_god_temple2, gammafunk_ghost_grave
D:10:     layout_basic, erik_lair_orcish_takeover, nicolae_trove_entry_columns,
          minmay_radiant
D:11:     layout_stronghold, erik_orc_1, uniq_maurice
Temple:   mainiacjoe_temple_cubbyholes
Lair:1:   beast_lair_carwin_large_2, layout_cave_pods, gauntlet_entry_generic,
          serial_bayou_shore_a, uniq_fannar, uniq_maggie, uniq_harold

Skill      XL: |  1  2  3  4  5  6  7  8  9 10 11 |
---------------+----------------------------------+-----
Fighting       | 4 5 6 8 9 10 | 10.7
Long Blades    | 3 4 5 7 9 11 13 14 | 14.4
Shields        | 4 5 6 8 |  8.0
Armour         | 4 5 6 7 8 9 11 12 | 12.5
Dodging        | 1 2 3 |  3.8
Stealth        | 1 2 |  2.3
Invocations    | 1 |  1.3
Evocations     | |  0.2

Action                   |  1- 3 |  4- 6 |  7- 9 | 10-12 || total
-------------------------+-------+-------+-------+-------++-------
Melee: Long sword        |    71 |    87 |   346 |       ||   504
       Headbutt          |     7 |    17 |    68 |    85 ||   177
       Scimitar          |       |       |    49 |   375 ||   424
       Unarmed           |       |       |       |     1 ||     1
Invok: Heroism           |       |       |     1 |     5 ||     6
Evoke: Wand              |       |       |       |     2 ||     2
  Use: Scroll            |     1 |       |     4 |     7 ||    12
       Potion            |     1 |       |     6 |     2 ||     9
 Stab: Confused          |       |       |       |     1 ||     1
Armor: Scale mail        |    31 |    47 |    82 |       ||   160
       Plate armour      |       |       |    55 |   191 ||   246
       Chain mail        |       |       |       |    31 ||    31
Dodge: Dodged            |    29 |    37 |   158 |   118 ||   342
Block: Buckler           |    15 |    11 |    73 |    84 ||   183

Table legend: (Time is in decaauts)
 A = Elapsed time spent in this place.
 B = Non-inter-level travel time spent in this place.
 C = Inter-level travel time spent in this place.
 D = Time resting spent in this place.
 E = Time spent auto-exploring this place.
 F = Levels seen in this place.
 G = Mean time per level.
                   A        B        C        D        E       F      G
               +--------+--------+--------+--------+--------+-----+--------+
         Total |  16663 |  16425 |    238 |   1389 |  12026 |  14 | 1190.2 |
       Dungeon |  15188 |  14950 |    238 |   1133 |  11302 |  11 | 1380.7 |
        Temple |    201 |    201 |      0 |      0 |    142 |   1 |  201.0 |
          Lair |    148 |    148 |      0 |      0 |      0 |   1 |  148.0 |
         Sewer |   1124 |   1124 |      0 |    256 |    581 |   1 | 1124.0 |
               +--------+--------+--------+--------+--------+-----+--------+

Top non-repeatable levels by time:
    D:10: 2479 daAuts
     D:9: 1891 daAuts
     D:6: 1712 daAuts
     D:7: 1451 daAuts
    D:11: 1442 daAuts
     D:1: 1326 daAuts
     D:4: 1289 daAuts
   Sewer: 1124 daAuts
     D:5: 1101 daAuts
     D:3: 951 daAuts
     D:2: 816 daAuts
     D:8: 725 daAuts
  Temple: 201 daAuts
  Lair:1: 148 daAuts
